Workbook

Sheet Personal survival budget
A1: PERSONAL SURVIVAL BUDGET -
A2: (Complete only the shaded boxes)
A4: Very few businesses make much money in the first year.
A5: This form will help you work out how much you need in order to survive.
A6: The figures are your annual private living costs, not business expenditure
A10: ESTIMATED EXPENDITURE | B10: Monthly | C10: Yearly
B11: £ | C11: £
A12: Mortgage/rent | C12: =SUM(B12*12) -> 0
A13: Council Tax, Water rates | C13: =SUM(B13*12) -> 0
A14: Gas, electricity, etc | C14: =SUM(B14*12) -> 0
A15: All personal insurances | C15: =SUM(B15*12) -> 0
A16: Food & general housekeeping | C16: =SUM(B16*12) -> 0
A17: Clothing | C17: =SUM(B17*12) -> 0
A18: Telephone | C18: =SUM(B18*12) -> 0
A19: Hire charges, rentals | C19: =SUM(B19*12) -> 0
A20: Leisure/holidays | C20: =SUM(B20*12) -> 0
A21: Subscriptions | C21: =SUM(B21*12) -> 0
A22: Car tax and insurance | C22: =SUM(B22*12) -> 0
A23: Car running expenses | C23: =SUM(B23*12) -> 0
A24: Children's expenditure | C24: =SUM(B24*12) -> 0 | E24: `
A25: Regular savings | C25: =SUM(B25*12) -> 0
A26: HP payments | C26: =SUM(B26*12) -> 0
A27: Loan repayments | C27: 0
A28: TV Licence | C28: =SUM(B28*12) -> 0
A29: Other: | C29: =SUM(B29*12) -> 0
A30: Other: | C30: =SUM(B30*12) -> 0
A31: Class 2 NIC | B31: 11.7 | C31: 140.4
A33: ESTIMATED TOTAL EXPENDITURE (a) | B33: =SUM(B12:B31) -> 11.7 | C33: =SUM(C12:C31) -> 140.4
A35: ESTIMATED INCOME | B35: Monthly | C35: Yearly
B36: £ | C36: £
A37: Income from family/partner, etc | C37: =SUM(B37*12) -> 0
A38: Pensions: | C38: =SUM(B38*12) -> 0
A39: Salary: | C39: =SUM(B39*12) -> 0
A40: Tax Credits/ Child Allowance: | C40: =SUM(B40*12) -> 0
A41: Other: | C41: =SUM(B41*12) -> 0
A43: ESTIMATED TOTAL INCOME (b) | B43: =SUM(B37:B41) -> 0 | C43: =SUM(C37:C41) -> 0
A45: TOTAL REQUIRED FROM THE BUSINESS (a - b) | C45: =C33-C43 -> 140.4
A47: Plus Tax & NI Provision (add 25% For Sole Trader) | C47: =SUM(C45*0.25) -> 35.1
A49: TOTAL DRAWINGS REQUIRED | B49: =+C49/12 -> 14.625 | C49: =SUM(C45:C47) -> 175.5

Sheet Sales & purchases Forecast
A1: Sales Forecast - | B1: April 2013 to April 2014 | E1: (Complete only the shaded boxes) | O1: 0
O2: 0.1
O3: 0.2
A4: Unit Sales (Volume) | O4: 0.3
B5: Month 1 | C5: Month 2 | D5: Month 3 | E5: Month 4 | F5: Month 5 | G5: Month 6 | H5: Month 7 | I5: Month 8 | J5: Month 9 | K5: Month 10 | L5: Month 11 | M5: Month 12 | N5: Total | O5: 0.4
A6: Product 1 | N6: =SUM(B6:M6) -> 0 | O6: 0.5
A7: Product 2 | N7: =SUM(B7:M7) -> 0 | O7: 0.6
A8: Product 3 | N8: =SUM(B8:M8) -> 0 | O8: 0.7
A9: Product 4 | N9: =SUM(B9:M9) -> 0 | O9: 0.8
A10: Product 5 | N10: =SUM(B10:M10) -> 0 | O10: 0.9
A11: Product 6 | N11: =SUM(B11:M11) -> 0 | O11: 1
A12: Product 7 | N12: =SUM(B12:M12) -> 0
A13: Product 8 | N13: =SUM(B13:M13) -> 0
A14: Product 9 | N14: =SUM(B14:M14) -> 0
A15: Product 10 | N15: =SUM(B15:M15) -> 0
A16: TOTAL | B16: =SUM(B6:B15) -> 0 | C16: =SUM(C6:C15) -> 0 | D16: =SUM(D6:D15) -> 0 | E16: =SUM(E6:E15) -> 0 | F16: =SUM(F6:F15) -> 0 | G16: =SUM(G6:G15) -> 0 | H16: =SUM(H6:H15) -> 0 | I16: =SUM(I6:I15) -> 0 | ... M16: =SUM(M6:M15) -> 0 | N16: =SUM(B16:M16) -> 0
A17: Cumulative Total | B17: =+B16 -> 0 | C17: =+B17+C16 -> 0 | D17: =+C17+D16 -> 0 | E17: =+D17+E16 -> 0 | F17: =+E17+F16 -> 0 | G17: =+F17+G16 -> 0 | H17: =+G17+H16 -> 0 | I17: =+H17+I16 -> 0 | J17: =+I17+J16 -> 0 | ... M17: =+L17+M16 -> 0
A19: Average Prices (Each)
B20: =B5 -> Month 1 | C20: =C5 -> Month 2 | D20: =D5 -> Month 3 | E20: =E5 -> Month 4 | F20: =F5 -> Month 5 | G20: =G5 -> Month 6 | H20: =H5 -> Month 7 | I20: =I5 -> Month 8 | ... M20: =M5 -> Month 12
A21: =A6 -> Product 1 | B21: 0 | C21: 0 | D21: 0 | E21: 0 | F21: 0 | G21: 0 | H21: 0 | I21: 0 | J21: 0 | K21: 0 | L21: 0 | M21: 0
A22: =A7 -> Product 2 | B22: 0 | C22: 0 | D22: 0 | E22: 0 | F22: 0 | G22: 0 | H22: 0 | I22: 0 | J22: 0 | K22: 0 | L22: 0 | M22: 0
A23: =A8 -> Product 3 | B23: 0 | C23: 0 | D23: 0 | E23: 0 | F23: 0 | G23: 0 | H23: 0 | I23: 0 | J23: 0 | K23: 0 | L23: 0 | M23: 0
A24: =A9 -> Product 4 | B24: 0 | C24: 0 | D24: 0 | E24: 0 | F24: 0 | G24: 0 | H24: 0 | I24: 0 | J24: 0 | K24: 0 | L24: 0 | M24: 0
A25: =A10 -> Product 5 | B25: 0 | C25: 0 | D25: 0 | E25: 0 | F25: 0 | G25: 0 | H25: 0 | I25: 0 | J25: 0 | K25: 0 | L25: 0 | M25: 0
A26: =A11 -> Product 6 | B26: 0 | C26: 0 | D26: 0 | E26: 0 | F26: 0 | G26: 0 | H26: 0 | I26: 0 | J26: 0 | K26: 0 | L26: 0 | M26: 0
A27: =A12 -> Product 7 | B27: 0 | C27: 0 | D27: 0 | E27: 0 | F27: 0 | G27: 0 | H27: 0 | I27: 0 | J27: 0 | K27: 0 | L27: 0 | M27: 0
A28: =A13 -> Product 8 | B28: 0 | C28: 0 | D28: 0 | E28: 0 | F28: 0 | G28: 0 | H28: 0 | I28: 0 | J28: 0 | K28: 0 | L28: 0 | M28: 0
A29: =A14 -> Product 9 | B29: 0 | C29: 0 | D29: 0 | E29: 0 | F29: 0 | G29: 0 | H29: 0 | I29: 0 | J29: 0 | K29: 0 | L29: 0 | M29: 0
A30: =A15 -> Product 10 | B30: 0 | C30: 0 | D30: 0 | E30: 0 | F30: 0 | G30: 0 | H30: 0 | I30: 0 | J30: 0 | K30: 0 | L30: 0 | M30: 0
A32: Sales Value
B33: =B5 -> Month 1 | C33: =C5 -> Month 2 | D33: =D5 -> Month 3 | E33: =E5 -> Month 4 | F33: =F5 -> Month 5 | G33: =G5 -> Month 6 | H33: =H5 -> Month 7 | I33: =I5 -> Month 8 | ... M33: =M5 -> Month 12 | N33: Total
A34: =A6 -> Product 1 | B34: =+B6*B21 -> 0 | C34: =+C6*C21 -> 0 | D34: =+D6*D21 -> 0 | E34: =+E6*E21 -> 0 | F34: =+F6*F21 -> 0 | G34: =+G6*G21 -> 0 | H34: =+H6*H21 -> 0 | I34: =+I6*I21 -> 0 | ... M34: =+M6*M21 -> 0 | N34: =SUM(B34:M34) -> 0
A35: =A7 -> Product 2 | B35: =+B7*B22 -> 0 | C35: =+C7*C22 -> 0 | D35: =+D7*D22 -> 0 | E35: =+E7*E22 -> 0 | F35: =+F7*F22 -> 0 | G35: =+G7*G22 -> 0 | H35: =+H7*H22 -> 0 | I35: =+I7*I22 -> 0 | ... M35: =+M7*M22 -> 0 | N35: =SUM(B35:M35) -> 0
A36: =A8 -> Product 3 | B36: =+B8*B23 -> 0 | C36: =+C8*C23 -> 0 | D36: =+D8*D23 -> 0 | E36: =+E8*E23 -> 0 | F36: =+F8*F23 -> 0 | G36: =+G8*G23 -> 0 | H36: =+H8*H23 -> 0 | I36: =+I8*I23 -> 0 | ... M36: =+M8*M23 -> 0 | N36: =SUM(B36:M36) -> 0
A37: =A9 -> Product 4 | B37: =+B9*B24 -> 0 | C37: =+C9*C24 -> 0 | D37: =+D9*D24 -> 0 | E37: =+E9*E24 -> 0 | F37: =+F9*F24 -> 0 | G37: =+G9*G24 -> 0 | H37: =+H9*H24 -> 0 | I37: =+I9*I24 -> 0 | ... M37: =+M9*M24 -> 0 | N37: =SUM(B37:M37) -> 0
A38: =A10 -> Product 5 | B38: =+B10*B25 -> 0 | C38: =+C10*C25 -> 0 | D38: =+D10*D25 -> 0 | E38: =+E10*E25 -> 0 | F38: =+F10*F25 -> 0 | G38: =+G10*G25 -> 0 | H38: =+H10*H25 -> 0 | I38: =+I10*I25 -> 0 | ... M38: =+M10*M25 -> 0 | N38: =SUM(B38:M38) -> 0
A39: =A11 -> Product 6 | B39: =+B11*B26 -> 0 | C39: =+C11*C26 -> 0 | D39: =+D11*D26 -> 0 | E39: =+E11*E26 -> 0 | F39: =+F11*F26 -> 0 | G39: =+G11*G26 -> 0 | H39: =+H11*H26 -> 0 | I39: =+I11*I26 -> 0 | ... M39: =+M11*M26 -> 0 | N39: =SUM(B39:M39) -> 0
A40: =A12 -> Product 7 | B40: =+B12*B27 -> 0 | C40: =+C12*C27 -> 0 | D40: =+D12*D27 -> 0 | E40: =+E12*E27 -> 0 | F40: =+F12*F27 -> 0 | G40: =+G12*G27 -> 0 | H40: =+H12*H27 -> 0 | I40: =+I12*I27 -> 0 | ... M40: =+M12*M27 -> 0 | N40: =SUM(B40:M40) -> 0
A41: =A13 -> Product 8 | B41: =+B13*B28 -> 0 | C41: =+C13*C28 -> 0 | D41: =+D13*D28 -> 0 | E41: =+E13*E28 -> 0 | F41: =+F13*F28 -> 0 | G41: =+G13*G28 -> 0 | H41: =+H13*H28 -> 0 | I41: =+I13*I28 -> 0 | ... M41: =+M13*M28 -> 0 | N41: =SUM(B41:M41) -> 0
A42: =A14 -> Product 9 | B42: =+B14*B29 -> 0 | C42: =+C14*C29 -> 0 | D42: =+D14*D29 -> 0 | E42: =+E14*E29 -> 0 | F42: =+F14*F29 -> 0 | G42: =+G14*G29 -> 0 | H42: =+H14*H29 -> 0 | I42: =+I14*I29 -> 0 | ... M42: =+M14*M29 -> 0 | N42: =SUM(B42:M42) -> 0
A43: =A15 -> Product 10 | B43: =+B15*B30 -> 0 | C43: =+C15*C30 -> 0 | D43: =+D15*D30 -> 0 | E43: =+E15*E30 -> 0 | F43: =+F15*F30 -> 0 | G43: =+G15*G30 -> 0 | H43: =+H15*H30 -> 0 | I43: =+I15*I30 -> 0 | ... M43: =+M15*M30 -> 0 | N43: =SUM(B43:M43) -> 0
A44: TOTAL SALES | B44: =SUM(B34:B43) -> 0 | C44: =SUM(C34:C43) -> 0 | D44: =SUM(D34:D43) -> 0 | E44: =SUM(E34:E43) -> 0 | F44: =SUM(F34:F43) -> 0 | G44: =SUM(G34:G43) -> 0 | H44: =SUM(H34:H43) -> 0 | I44: =SUM(I34:I43) -> 0 | ... M44: =SUM(M34:M43) -> 0 | N44: =SUM(B44:M44) -> 0
A45: % Sales on Credit | B45: 0 | C45: 0 | D45: 0 | E45: 0 | F45: 0 | G45: 0 | H45: 0 | I45: 0 | J45: 0 | K45: 0 | L45: 0 | M45: 0
A46: Cumulative Sales | B46: =+B44 -> 0 | C46: =+B46+C44 -> 0 | D46: =+C46+D44 -> 0 | E46: =+D46+E44 -> 0 | F46: =+E46+F44 -> 0 | G46: =+F46+G44 -> 0 | H46: =+G46+H44 -> 0 | I46: =+H46+I44 -> 0 | J46: =+I46+J44 -> 0 | ... M46: =+L46+M44 -> 0
A50: DIRECT COSTS
A52: Cost of goods
B53: =B5 -> Month 1 | C53: =C5 -> Month 2 | D53: =D5 -> Month 3 | E53: =E5 -> Month 4 | F53: =F5 -> Month 5 | G53: =G5 -> Month 6 | H53: =H5 -> Month 7 | I53: =I5 -> Month 8 | ... M53: =M5 -> Month 12
A54: =A6 -> Product 1 | B54: 0 | C54: 0 | D54: 0 | E54: 0 | F54: 0 | G54: 0 | H54: 0 | I54: 0 | J54: 0 | K54: 0 | L54: 0 | M54: 0
A55: =A7 -> Product 2 | B55: 0 | C55: 0 | D55: 0 | E55: 0 | F55: 0 | G55: 0 | H55: 0 | I55: 0 | J55: 0 | K55: 0 | L55: 0 | M55: 0
A56: =A8 -> Product 3 | B56: 0 | C56: 0 | D56: 0 | E56: 0 | F56: 0 | G56: 0 | H56: 0 | I56: 0 | J56: 0 | K56: 0 | L56: 0 | M56: 0
A57: =A9 -> Product 4 | B57: 0 | C57: 0 | D57: 0 | E57: 0 | F57: 0 | G57: 0 | H57: 0 | I57: 0 | J57: 0 | K57: 0 | L57: 0 | M57: 0
A58: =A10 -> Product 5 | B58: 0 | C58: 0 | D58: 0 | E58: 0 | F58: 0 | G58: 0 | H58: 0 | I58: 0 | J58: 0 | K58: 0 | L58: 0 | M58: 0
A59: =A11 -> Product 6 | B59: 0 | C59: 0 | D59: 0 | E59: 0 | F59: 0 | G59: 0 | H59: 0 | I59: 0 | J59: 0 | K59: 0 | L59: 0 | M59: 0
A60: =A12 -> Product 7 | B60: 0 | C60: 0 | D60: 0 | E60: 0 | F60: 0 | G60: 0 | H60: 0 | I60: 0 | J60: 0 | K60: 0 | L60: 0 | M60: 0
A61: =A13 -> Product 8 | B61: 0 | C61: 0 | D61: 0 | E61: 0 | F61: 0 | G61: 0 | H61: 0 | I61: 0 | J61: 0 | K61: 0 | L61: 0 | M61: 0
A62: =A14 -> Product 9 | B62: 0 | C62: 0 | D62: 0 | E62: 0 | F62: 0 | G62: 0 | H62: 0 | I62: 0 | J62: 0 | K62: 0 | L62: 0 | M62: 0
A63: =A15 -> Product 10 | B63: 0 | C63: 0 | D63: 0 | E63: 0 | F63: 0 | G63: 0 | H63: 0 | I63: 0 | J63: 0 | K63: 0 | L63: 0 | M63: 0
A66: Cost Value
B67: =B5 -> Month 1 | C67: =C5 -> Month 2 | D67: =D5 -> Month 3 | E67: =E5 -> Month 4 | F67: =F5 -> Month 5 | G67: =G5 -> Month 6 | H67: =H5 -> Month 7 | I67: =I5 -> Month 8 | ... M67: =M5 -> Month 12 | N67: Total
A68: =A6 -> Product 1 | B68: =B6*B54 -> 0 | C68: =C6*C54 -> 0 | D68: =D6*D54 -> 0 | E68: =E6*E54 -> 0 | F68: =F6*F54 -> 0 | G68: =G6*G54 -> 0 | H68: =H6*H54 -> 0 | I68: =I6*I54 -> 0 | ... M68: =M6*M54 -> 0 | N68: =SUM(B68:M68) -> 0
A69: =A7 -> Product 2 | B69: =B7*B55 -> 0 | C69: =C7*C55 -> 0 | D69: =D7*D55 -> 0 | E69: =E7*E55 -> 0 | F69: =F7*F55 -> 0 | G69: =G7*G55 -> 0 | H69: =H7*H55 -> 0 | I69: =I7*I55 -> 0 | ... M69: =M7*M55 -> 0 | N69: =SUM(B69:M69) -> 0
A70: =A8 -> Product 3 | B70: =B8*B56 -> 0 | C70: =C8*C56 -> 0 | D70: =D8*D56 -> 0 | E70: =E8*E56 -> 0 | F70: =F8*F56 -> 0 | G70: =G8*G56 -> 0 | H70: =H8*H56 -> 0 | I70: =I8*I56 -> 0 | ... M70: =M8*M56 -> 0 | N70: =SUM(B70:M70) -> 0
A71: =A9 -> Product 4 | B71: =B9*B57 -> 0 | C71: =C9*C57 -> 0 | D71: =D9*D57 -> 0 | E71: =E9*E57 -> 0 | F71: =F9*F57 -> 0 | G71: =G9*G57 -> 0 | H71: =H9*H57 -> 0 | I71: =I9*I57 -> 0 | ... M71: =M9*M57 -> 0 | N71: =SUM(B71:M71) -> 0
A72: =A10 -> Product 5 | B72: =B10*B58 -> 0 | C72: =C10*C58 -> 0 | D72: =D10*D58 -> 0 | E72: =E10*E58 -> 0 | F72: =F10*F58 -> 0 | G72: =G10*G58 -> 0 | H72: =H10*H58 -> 0 | I72: =I10*I58 -> 0 | ... M72: =M10*M58 -> 0 | N72: =SUM(B72:M72) -> 0
A73: =A11 -> Product 6 | B73: =B11*B59 -> 0 | C73: =C11*C59 -> 0 | D73: =D11*D59 -> 0 | E73: =E11*E59 -> 0 | F73: =F11*F59 -> 0 | G73: =G11*G59 -> 0 | H73: =H11*H59 -> 0 | I73: =I11*I59 -> 0 | ... M73: =M11*M59 -> 0 | N73: =SUM(B73:M73) -> 0
A74: =A12 -> Product 7 | B74: =B12*B60 -> 0 | C74: =C12*C60 -> 0 | D74: =D12*D60 -> 0 | E74: =E12*E60 -> 0 | F74: =F12*F60 -> 0 | G74: =G12*G60 -> 0 | H74: =H12*H60 -> 0 | I74: =I12*I60 -> 0 | ... M74: =M12*M60 -> 0 | N74: =SUM(B74:M74) -> 0
A75: =A13 -> Product 8 | B75: =B13*B61 -> 0 | C75: =C13*C61 -> 0 | D75: =D13*D61 -> 0 | E75: =E13*E61 -> 0 | F75: =F13*F61 -> 0 | G75: =G13*G61 -> 0 | H75: =H13*H61 -> 0 | I75: =I13*I61 -> 0 | ... M75: =M13*M61 -> 0 | N75: =SUM(B75:M75) -> 0
A76: =A14 -> Product 9 | B76: =B14*B62 -> 0 | C76: =C14*C62 -> 0 | D76: =D14*D62 -> 0 | E76: =E14*E62 -> 0 | F76: =F14*F62 -> 0 | G76: =G14*G62 -> 0 | H76: =H14*H62 -> 0 | I76: =I14*I62 -> 0 | ... M76: =M14*M62 -> 0 | N76: =SUM(B76:M76) -> 0
A77: =A15 -> Product 10 | B77: =B15*B63 -> 0 | C77: =C15*C63 -> 0 | D77: =D15*D63 -> 0 | E77: =E15*E63 -> 0 | F77: =F15*F63 -> 0 | G77: =G15*G63 -> 0 | H77: =H15*H63 -> 0 | I77: =I15*I63 -> 0 | ... M77: =M15*M63 -> 0 | N77: =SUM(B77:M77) -> 0
A78: TOTAL DIRECT COSTS | B78: =SUM(B68:B77) -> 0 | C78: =SUM(C68:C77) -> 0 | D78: =SUM(D68:D77) -> 0 | E78: =SUM(E68:E77) -> 0 | F78: =SUM(F68:F77) -> 0 | G78: =SUM(G68:G77) -> 0 | H78: =SUM(H68:H77) -> 0 | I78: =SUM(I68:I77) -> 0 | ... M78: =SUM(M68:M77) -> 0 | N78: =SUM(B78:M78) -> 0
A79: Cumulative Direct Costs | B79: =+B78 -> 0 | C79: =+B79+C78 -> 0 | D79: =+C79+D78 -> 0 | E79: =+D79+E78 -> 0 | F79: =+E79+F78 -> 0 | G79: =+F79+G78 -> 0 | H79: =+G79+H78 -> 0 | I79: =+H79+I78 -> 0 | J79: =+I79+J78 -> 0 | ... M79: =+L79+M78 -> 0
A82: FIXED COSTS | B82: =SUM('CashFlow Forecast'!O21:O39)/12 -> 0 | C82: =SUM('CashFlow Forecast'!O21:O39)/12 -> 0 | D82: =SUM('CashFlow Forecast'!O21:O39)/12 -> 0 | E82: =SUM('CashFlow Forecast'!O21:O39)/12 -> 0 | F82: =SUM('CashFlow Forecast'!O21:O39)/12 -> 0 | G82: =SUM('CashFlow Forecast'!O21:O39)/12 -> 0 | H82: =SUM('CashFlow Forecast'!O21:O39)/12 -> 0 | I82: =SUM('CashFlow Forecast'!O21:O39)/12 -> 0 | J82: =SUM('CashFlow Forecast'!O21:O39)/12 -> 0 | K82: =SUM('CashFlow Forecast'!O21:O39)/12 -> 0 | L82: =SUM('CashFlow Forecast'!O21:O39)/12 -> 0 | M82: =SUM('CashFlow Forecast'!O21:O39)/12 -> 0
A83: CUM. FIXED COSTS | B83: =B82 -> 0 | C83: =B83+C82 -> 0 | D83: =C83+D82 -> 0 | E83: =D83+E82 -> 0 | F83: =E83+F82 -> 0 | G83: =F83+G82 -> 0 | H83: =G83+H82 -> 0 | I83: =H83+I82 -> 0 | J83: =I83+J82 -> 0 | ... M83: =L83+M82 -> 0
A84: TOTAL COSTS | B84: =B79+B83 -> 0 | C84: =C79+C83 -> 0 | D84: =D79+D83 -> 0 | E84: =E79+E83 -> 0 | F84: =F79+F83 -> 0 | G84: =G79+G83 -> 0 | H84: =H79+H83 -> 0 | I84: =I79+I83 -> 0 | ... M84: =M79+M83 -> 0

Sheet CashFlow Forecast
A1: Cash Flow Forecast
A2: Complete only the shaded boxes
A3: Company Name:
A4: Last updated: | B4: =TODAY() -> 45063
B5: Pre-start | C5: =+'Sales & purchases Forecast'!B5 -> Month 1 | D5: =+'Sales & purchases Forecast'!C5 -> Month 2 | E5: =+'Sales & purchases Forecast'!D5 -> Month 3 | F5: =+'Sales & purchases Forecast'!E5 -> Month 4 | G5: =+'Sales & purchases Forecast'!F5 -> Month 5 | H5: =+'Sales & purchases Forecast'!G5 -> Month 6 | I5: =+'Sales & purchases Forecast'!H5 -> Month 7 | J5: =+'Sales & purchases Forecast'!I5 -> Month 8 | ... N5: =+'Sales & purchases Forecast'!M5 -> Month 12 | O5: TOTAL
A6: RECEIPTS
A7: Sales - cash | C7: =+'Sales & purchases Forecast'!B44 -> 0 | D7: =+'Sales & purchases Forecast'!C44 -> 0 | E7: =+'Sales & purchases Forecast'!D44 -> 0 | F7: =+'Sales & purchases Forecast'!E44 -> 0 | G7: =+'Sales & purchases Forecast'!F44 -> 0 | H7: =+'Sales & purchases Forecast'!G44 -> 0 | I7: =+'Sales & purchases Forecast'!H44 -> 0 | J7: =+'Sales & purchases Forecast'!I44 -> 0 | ... N7: =+'Sales & purchases Forecast'!M44 -> 0 | O7: =SUM(B7:N7) -> 0
A8: Sales - credit | C8: 0 | D8: 0 | E8: 0 | F8: 0 | G8: 0 | H8: 0 | I8: 0 | J8: 0 | K8: 0 | L8: 0 | M8: 0 | N8: 0 | O8: =SUM(B8:N8) -> 0
A9: Grants | C9: 0 | D9: 0 | E9: 0 | F9: 0 | G9: 0 | H9: 0 | I9: 0 | J9: 0 | K9: 0 | L9: 0 | M9: 0 | N9: 0 | O9: =SUM(B9:N9) -> 0
A10: Owner's capital introduced | C10: 0 | D10: 0 | E10: 0 | F10: 0 | G10: 0 | H10: 0 | I10: 0 | J10: 0 | K10: 0 | L10: 0 | M10: 0 | N10: 0 | O10: =SUM(B10:N10) -> 0
A11: Loans received | C11: 0 | D11: 0 | E11: 0 | F11: 0 | G11: 0 | H11: 0 | I11: 0 | J11: 0 | K11: 0 | L11: 0 | M11: 0 | N11: 0 | O11: =SUM(B11:N11) -> 0
A12: Other: | C12: 0 | D12: 0 | E12: 0 | F12: 0 | G12: 0 | H12: 0 | I12: 0 | J12: 0 | K12: 0 | L12: 0 | M12: 0 | N12: 0 | O12: =SUM(B12:N12) -> 0
A13: TOTAL RECEIPTS (a) | B13: =SUM(B7:B12) -> 0 | C13: =SUM(C7:C12) -> 0 | D13: =SUM(D7:D12) -> 0 | E13: =SUM(E7:E12) -> 0 | F13: =SUM(F7:F12) -> 0 | G13: =SUM(G7:G12) -> 0 | H13: =SUM(H7:H12) -> 0 | I13: =SUM(I7:I12) -> 0 | ... O13: =SUM(O7:O12) -> 0
A14: PAYMENTS
A15: Capital purchases | C15: 0 | D15: 0 | E15: 0 | F15: 0 | G15: 0 | H15: 0 | I15: 0 | J15: 0 | K15: 0 | L15: 0 | M15: 0 | N15: 0 | O15: =SUM(B15:N15) -> 0
A16: Direct Costs
A17: Cash purchases (stock) | C17: =+'Sales & purchases Forecast'!B78 -> 0 | D17: =+'Sales & purchases Forecast'!C78 -> 0 | E17: =+'Sales & purchases Forecast'!D78 -> 0 | F17: =+'Sales & purchases Forecast'!E78 -> 0 | G17: =+'Sales & purchases Forecast'!F78 -> 0 | H17: =+'Sales & purchases Forecast'!G78 -> 0 | I17: =+'Sales & purchases Forecast'!H78 -> 0 | J17: =+'Sales & purchases Forecast'!I78 -> 0 | ... N17: =+'Sales & purchases Forecast'!M78 -> 0 | O17: =SUM(B17:N17) -> 0
A18: Credit purchases (stock) | B18: 0 | C18: 0 | D18: 0 | E18: 0 | F18: 0 | G18: 0 | H18: 0 | I18: 0 | J18: 0 | K18: 0 | L18: 0 | M18: 0 | N18: 0 | O18: =SUM(B18:N18) -> 0
A19: Overheads
A20: Wages/Salaries | B20: 0 | C20: 0 | D20: 0 | E20: 0 | F20: 0 | G20: 0 | H20: 0 | I20: 0 | J20: 0 | K20: 0 | L20: 0 | M20: 0 | N20: 0 | O20: =SUM(B20:N20) -> 0
A21: Rent | B21: 0 | C21: 0 | D21: 0 | E21: 0 | F21: 0 | G21: 0 | H21: 0 | I21: 0 | J21: 0 | K21: 0 | L21: 0 | M21: 0 | N21: 0 | O21: =SUM(B21:N21) -> 0
A22: Business Rates | B22: 0 | C22: 0 | D22: 0 | E22: 0 | F22: 0 | G22: 0 | H22: 0 | I22: 0 | J22: 0 | K22: 0 | L22: 0 | M22: 0 | N22: 0 | O22: =SUM(B22:N22) -> 0
A23: Heat / Light | B23: 0 | C23: 0 | D23: 0 | E23: 0 | F23: 0 | G23: 0 | H23: 0 | I23: 0 | J23: 0 | K23: 0 | L23: 0 | M23: 0 | N23: 0 | O23: =SUM(B23:N23) -> 0
A24: Repairs/Maintenance | B24: 0 | C24: 0 | D24: 0 | E24: 0 | F24: 0 | G24: 0 | H24: 0 | I24: 0 | J24: 0 | K24: 0 | L24: 0 | M24: 0 | N24: 0 | O24: =SUM(B24:N24) -> 0
A25: Broadband | B25: 0 | C25: 0 | D25: 0 | E25: 0 | F25: 0 | G25: 0 | H25: 0 | I25: 0 | J25: 0 | K25: 0 | L25: 0 | M25: 0 | N25: 0 | O25: =SUM(B25:N25) -> 0
A26: Telephone | B26: 0 | C26: 0 | D26: 0 | E26: 0 | F26: 0 | G26: 0 | H26: 0 | I26: 0 | J26: 0 | K26: 0 | L26: 0 | M26: 0 | N26: 0 | O26: =SUM(B26:N26) -> 0
A27: Stationery | B27: 0 | C27: 0 | D27: 0 | E27: 0 | F27: 0 | G27: 0 | H27: 0 | I27: 0 | J27: 0 | K27: 0 | L27: 0 | M27: 0 | N27: 0 | O27: =SUM(B27:N27) -> 0
A28: Postage | B28: 0 | C28: 0 | D28: 0 | E28: 0 | F28: 0 | G28: 0 | H28: 0 | I28: 0 | J28: 0 | K28: 0 | L28: 0 | M28: 0 | N28: 0 | O28: =SUM(B28:N28) -> 0
A29: Insurance (non-vehicle) | B29: 0 | C29: 0 | D29: 0 | E29: 0 | F29: 0 | G29: 0 | H29: 0 | I29: 0 | J29: 0 | K29: 0 | L29: 0 | M29: 0 | N29: 0 | O29: =SUM(B29:N29) -> 0
A30: Motoring Expenses | B30: 0 | C30: 0 | D30: 0 | E30: 0 | F30: 0 | G30: 0 | H30: 0 | I30: 0 | J30: 0 | K30: 0 | L30: 0 | M30: 0 | N30: 0 | O30: =SUM(B30:N30) -> 0
A31: Fuel | B31: 0 | C31: 0 | D31: 0 | E31: 0 | F31: 0 | G31: 0 | H31: 0 | I31: 0 | J31: 0 | K31: 0 | L31: 0 | M31: 0 | N31: 0 | O31: =SUM(B31:N31) -> 0
... A39: Other: Domain Name | B39: 0 | C39: 0 | D39: 0 | E39: 0 | F39: 0 | G39: 0 | H39: 0 | I39: 0 | J39: 0 | K39: 0 | L39: 0 | M39: 0 | N39: 0 | O39: =SUM(B39:N39) -> 0
A40: Total Overheads | B40: =SUM(B20:B39) -> 0 | C40: =SUM(C20:C39) -> 0 | D40: =SUM(D20:D39) -> 0 | E40: =SUM(E20:E39) -> 0 | F40: =SUM(F20:F39) -> 0 | G40: =SUM(G20:G39) -> 0 | H40: =SUM(H20:H39) -> 0 | I40: =SUM(I20:I39) -> 0 | ... O40: =SUM(O20:O39) -> 0
A42: TOTAL PAYMENTS (b) | B42: =SUM(B15:B18)+B40 -> 0 | C42: =SUM(C15:C18)+C40 -> 0 | D42: =SUM(D15:D18)+D40 -> 0 | E42: =SUM(E15:E18)+E40 -> 0 | F42: =SUM(F15:F18)+F40 -> 0 | G42: =SUM(G15:G18)+G40 -> 0 | H42: =SUM(H15:H18)+H40 -> 0 | I42: =SUM(I15:I18)+I40 -> 0 | ... O42: =SUM(O15:O18)+O40 -> 0
A44: Opening Balance | B44: 0 | C44: =B46 -> 0 | D44: =C46 -> 0 | E44: =D46 -> 0 | F44: =E46 -> 0 | G44: =F46 -> 0 | H44: =G46 -> 0 | I44: =H46 -> 0 | J44: =I46 -> 0 | ... N44: =M46 -> 0
A45: Cash increase/(decrease) [a-b] | B45: =B13-B42 -> 0 | C45: =C13-C42 -> 0 | D45: =D13-D42 -> 0 | E45: =E13-E42 -> 0 | F45: =F13-F42 -> 0 | G45: =G13-G42 -> 0 | H45: =H13-H42 -> 0 | I45: =I13-I42 -> 0 | ... O45: =O13-O42 -> 0
A46: Closing Balance | B46: =B44+B45 -> 0 | C46: =C44+C45 -> 0 | D46: =D44+D45 -> 0 | E46: =E44+E45 -> 0 | F46: =F44+F45 -> 0 | G46: =G44+G45 -> 0 | H46: =H44+H45 -> 0 | I46: =I44+I45 -> 0 | ... N46: =N44+N45 -> 0
A48: NB - figures exclude VAT

Sheet Profit_Loss
A1: Profit (Loss) Projection
A2: (Complete only the shaded boxes)
A3: Period : | B3: =('Sales & purchases Forecast'!B1) -> April 2013 to April 2014
C5: £ | D5: £ | E5: £
A6: Sales Revenue | E6: ='Sales & purchases Forecast'!N44 -> 0
A7: Less Direct Costs:
B8: Opening stock | C8: 0
B9: Plus stock purchases | C9: ='Sales & purchases Forecast'!N78 -> 0
B10: Less closing stock | C10: 0
B11: Equals cost of goods sold | D11: =+C8+C9-C10 -> 0
B12: Employee costs (direct) | D12: 0
B13: Other direct costs | D13: 0
A14: Total Direct Costs | E14: =+D13+D12+D11 -> 0 | G14: Gross Profit Margin
A15: Gross Profit | E15: =+E6-E14 -> 0 | G15: =E15/E6 -> #DIV/0!
A16: Less Overheads:
B17: Employee costs (indirect) | D17: 0
B18: Premises costs
B19: Repairs
B20: General administrative expenses
B21: Motor expenses (incl. fuel)
B22: Travel & subsistence
B23: Advertising & promotion
B24: Legal/professional fees
B25: Bank/finance charges
B26: Loan interest
B27: Other expenses:
B28: Other expenses:
B29: Other expenses:
... B31: Depreciation:
A32: Total Overheads | E32: =SUM(D17:D31) -> 0
A33: Net Trading Profit/Loss (pre-tax) | E33: =+E15-E32 -> 0
B35: Drawings | E35: ='Personal survival budget'!C49 -> 175.5
B37: Retained profit/Loss carried forward (before tax) | E37: =E33-E35 -> -175.5
C40: Break even point
C41: =SUM(E35+E32)/G15 -> #DIV/0! | D41: Annual sales
C42: =C41/12 -> #DIV/0! | D42: Monthly sales
C43: =C41/52 -> #DIV/0! | D43: Weekly sales

Sheet TAX & NI Calculation
A1: Tax & NI Calculation (2013/14 rates)
A2: (NB. This for sole traders only & is only a guide for suggested savings for tax/NI bill*)
C3: =(E30/12) -> 0
A4: Forecasted Sales (a) | E4: 0
A6: Forecasted Direct costs (b) | E6: 0
A7: Forecasted Overheads (c) | E7: 0
A9: Forecasted Net Trading profit: (a) - (b) - (c) | E9: 0
A11: Deduct personal allowance | E11: 9440
A13: Taxable income | E13: =IF(E9<E11,0,E9-E11) -> 0
C15: Rate
A17: Band £0-£32,010 | C17: 0.2 | E17: =IF(E13<0,0,IF(E13<332010,(E13-0)*C17,IF(E13>32010,32010*C17,0))) -> 0
A19: Band >£32,011 - £150,000 | C19: 0.4 | E19: =IF(E13<32011,0,IF(E13<150000,(E13-32010)*D13*C19,IF(E13>150000,150000*C19,0))) -> 0
A21: Band > £150,000 | C21: 0.45 | E21: =IF(E13>150000,(E13-150000)*C21,0) -> 0
B23: TOTAL TAX | E23: =SUM(E16:E19) -> 0
C25: Self Employed/ Sole Trader/ Partnership | G25: Employee/ Director/ Ltd | K25: Employer Contributions (Ltd)
A26: Class 4 NI | C26: 0.09 | E26: =IF(E13>0,E13*C26,0) -> 0 | G26: 0.11 | I26: =IF(E13>0,E13*G26,0) -> 0 | K26: 0.128 | M26: =(E13*K26) -> 0
M27: Annual
B28: TOTAL TAX & NI | E28: =SUM(E23:E26) -> 0 | I28: =SUM(E23+I26) -> 0
E29: Annual | F29: Monthly | I29: Annual | J29: Monthly
A30: Therefore Takehome Pay = | E30: =SUM(E9-E28) -> 0 | F30: =(E30/12) -> 0 | I30: =(E9-I28) -> 0 | J30: =(I30/12) -> 0
A32: * You are recommended to consult an accountant/tax expert to discuss your own circumstances
